 Dungeon Crawl Stone Soup version 0.18.1-8-gdd0e5ea (webtiles) character file.

865 Belboz the Cleaver (level 8, -1/68 HPs)
             Began as a Hill Orc Chaos Knight on May 24, 2016.
             Was an Initiate of Beogh.
             Slain by a killer bee (8 damage)
             ... on level 8 of the Dungeon.
             The game lasted 00:09:28 (4477 turns).

Belboz the Cleaver (Hill Orc Chaos Knight)          Turns: 4477, Time: 00:09:29

Health: -1/68      AC:  8    Str: 17    XL:     8   Next: 3%
Magic:  8/8        EV: 11    Int: 12    God:    Beogh [......]
Gold:   202        SH:  0    Dex: 14    Spells: 0 memorised, 7 levels left

rFire  . . .     SeeInvis .     b - +3 war axe (flame)
rCold  + . .     Gourm    .     s - +1 ring mail {rN+}
rNeg   + . .     Faith    .     (no shield)
rPois  +         Spirit   .     (helmet restricted)
rElec  .         Dismiss  .     (no cloak)
rCorr  .         Reflect  .     p - +0 pair of gloves
SustAt +         Harm     .     (no boots)
MR     .....     Clarity  +     g - amulet of regeneration
Stlth  +.........               A - ring of wizardry
                                k - ring of sustain attributes

@: not resistant to hostile enchantments, very unstealthy
A: hooves 1, horns 1, thin skeletal structure 1, agile 1, clarity, cold
resistance 1, poison resistance, wild magic 1
a: Renounce Religion


You were on level 8 of the Dungeon.
You worshipped Beogh.
Beogh was noncommittal.
You were not hungry.

You visited 1 branch of the dungeon, and saw 7 of its levels.

You collected 202 gold pieces.

Inventory:

Hand Weapons
 a - a +0 mace of chaos
 b - a +3 war axe of flaming (weapon)
Missiles
 h - 10 poisoned needles
 y - 3 tomahawks (quivered)
Armour
 p - a +0 pair of gloves (worn)
 s - a +1 ring mail of positive energy (worn)
Jewellery
 g - an amulet of regeneration (around neck)
 k - a ring of sustain attributes (left hand)
 A - a ring of wizardry (right hand)
Wands
 i - a wand of acid (4/15)
Scrolls
 d - 3 scrolls of remove curse
 e - a scroll of enchant armour
 l - 4 scrolls of identify
 n - a scroll of noise
 q - 3 scrolls of teleportation {unknown}
 t - a scroll of fog {unknown}
 v - a scroll of immolation {unknown}
Potions
 f - a potion of heal wounds {unknown}
 j - 2 potions of magic
 m - 2 potions of agility {unknown}
 o - a potion of resistance {unknown}
 u - 2 potions of invisibility {unknown}
 w - 2 potions of curing {unknown}
 z - a potion of might {unknown}
Comestibles
 c - 5 bread rations
 r - 3 chunks of flesh
 x - 5 fruits
 B - a royal jelly


   Skills:
 - Level 5.2 Fighting
 + Level 8.2(9.3) Axes
 - Level 5.6(7.1) Maces & Flails
 - Level 3.0 Armour
 + Level 1.7 Dodging


You had 7 spell levels left.
You didn't know any spells.

Dungeon Overview and Level Annotations

Branches:
Dungeon (6/15)
 Temple: D:4-7

Altars:
Dithmenos
Okawaru
Ru
Xom
Yredelemnul
Zin


Innate Abilities, Weirdness & Mutations

You have large cloven feet.
You have a pair of small horns on your head.
You have a somewhat thin skeletal structure (Dex +2, Stealth).
You are agile. (Dex +2)
You possess an exceptional clarity of mind.
Your flesh is cold resistant.
Your system is resistant to poisons.
Your spells are a little harder to cast, but a little more powerful.


Message History

The killer bee buzzes angrily. x2
You slash the killer bee! You burn the killer bee.
You kill the killer bee!
Beogh accepts your kill.
You have reached level 8!
You barely miss the killer bee.
The killer bee is lightly wounded.
The killer bee stings you but does no damage.
The killer bee stings you.
* * * LOW HITPOINT WARNING * * *
The killer bee stings you but does no damage.
The killer bee buzzes angrily.
You hit the killer bee. You burn the killer bee.
Your kick misses the killer bee.
The killer bee is moderately wounded.
You slash the killer bee! You burn the killer bee.
The killer bee is almost dead.
The killer bee barely misses you. The killer bee closely misses you. x2
The killer bee stings you!
You die...

#####.......
#...$.....#
#....#...##
#....# .#.# .
#....+ ## ..
#....#.#
...##+###......#
.........##y#..#
.$.......##@#...#
.....?...##y##..#
#........##y#
..y.
###.###...yy#
.y... .: '....>.
..#y ## #..y.y##
#.....# ##.....
##.#.##


You could see 7 killer bees.

Vanquished Creatures
  2 ogres (D:5)
  A centaur (D:6)
  Blork the orc (D:4)
  2 killer bees (D:8)
  2 howler monkeys
  2 hounds
  2 giant frog skeletons
  Terence (D:3)
  An iguana (D:5)
  4 gnolls (D:6)
  A howler monkey skeleton (D:5)
  6 adders
  A shadow imp (D:5)
  3 oozes
  3 worms
  2 dart slugs (D:1)
  A giant gecko (D:4)
  8 orcs
  5 giant cockroaches
  11 goblins
  6 hobgoblins
  12 jackals
  A quokka (D:2)
  3 ball pythons
  12 bats
  4 giant newts
  9 kobolds
  A quokka skeleton (D:4)
  9 rats
116 creatures vanquished.

Notes
Turn   | Place    | Note
--------------------------------------------------------------
     0 | D:1      | Belboz the Hill Orc Chaos Knight began the quest for the Orb.
     0 | D:1      | Reached XP level 1. HP: 19/19 MP: 1/1
    24 | D:1      | Reached skill level 1 in Dodging
    26 | D:1      | XOM: silly message
    47 | D:1      | Reached XP level 2. HP: 21/27 MP: 2/2
   452 | D:1      | XOM: potion effect (brilliance)
   462 | D:1      | Reached XP level 3. HP: 34/35 MP: 3/3
   463 | D:1      | XOM: potion effect (berserk rage)
   472 | D:1      | Reached skill level 5 in Fighting
   924 | D:1      | XOM: god gift: 8 gold pieces
  1060 | D:1      | XOM: give mutations
  1060 | D:1      | Gained mutation: You are agile. (Dex +2) [Xom's mischief]
  1060 | D:1      | Gained mutation: You have large cloven feet. [Xom's mischief]
  1060 | D:1      | Gained mutation: You are dopey. (Int -2) [Xom's mischief]
  1285 | D:2      | Reached XP level 4. HP: 42/42 MP: 4/4
  1523 | D:2      | XOM: vitrification
  1589 | D:2      | XOM: scenery: create altars
  1730 | D:3      | Found an iron altar of Okawaru.
  1738 | D:3      | Found a glowing silver altar of Zin.
  1739 | D:3      | Found a shadowy altar of Dithmenos.
  1867 | D:3      | Reached skill level 5 in Maces & Flails
  1867 | D:3      | Reached XP level 5. HP: 37/48 MP: 5/5
  1872 | D:3      | Noticed Terence
  1891 | D:3      | Killed Terence
  1951 | D:3      | Found a basalt altar of Yredelemnul.
  2293 | D:4      | Reached skill level 1 in Axes
  2367 | D:4      | Reached skill level 2 in Axes
  2438 | D:4      | Reached XP level 6. HP: 52/56 MP: 6/6
  2550 | D:4      | Noticed Blork the orc
  2561 | D:4      | XOM: smoke on damage
  2562 | D:4      | Killed Blork the orc
  2562 | D:4      | Reached skill level 3 in Axes
  2772 | D:4      | XOM: harmless Fire miscast
  2909 | D:4      | Found a sacrificial altar of Ru.
  2931 | D:4      | Reached skill level 4 in Axes
  2952 | D:4      | XOM: give mutations
  2952 | D:4      | Gained mutation: You have a pair of small horns on your head. [Xom's grace]
  2952 | D:4      | Gained mutation: Your system is resistant to poisons. [Xom's grace]
  2952 | D:4      | Gained mutation: Your spells are a little harder to cast, but a little more powerful. [Xom's grace]
  3198 | D:5      | Entered Level 5 of the Dungeon
  3281 | D:5      | Reached skill level 5 in Axes
  3306 | D:5      | Reached skill level 6 in Axes
  3306 | D:5      | Reached XP level 7. HP: 16/61 MP: 7/7
  3347 | D:5      | XOM: give mutations
  3347 | D:5      | Gained mutation: You have a somewhat thin skeletal structure (Dex +2, Stealth). [Xom's grace]
  3347 | D:5      | Gained mutation: Your muscles are strong. (Str +2) [Xom's grace]
  3347 | D:5      | Lost mutation: You are dopey. (Int -2) [Xom's grace]
  3347 | D:5      | Gained mutation: You possess an exceptional clarity of mind. [Xom's grace]
  3571 | D:5      | XOM: vitrification
  3654 | D:5      | Reached skill level 7 in Axes
  4091 | D:5      | XOM: god gift: 26 gold pieces
  4143 | D:5      | XOM: god gift: iron wand {god gift}
  4194 | D:6      | XOM: stealth player
  4235 | D:6      | XOM: cast spell 'Ice Form'
  4254 | D:6      | XOM: confuse monster(s)
  4257 | D:5      | XOM: give mutations
  4257 | D:5      | Gained mutation: Your flesh is cold resistant. [Xom's mischief]
  4257 | D:5      | Lost mutation: Your muscles are strong. (Str +2) [Xom's mischief]
  4369 | D:6      | You fall through a shaft for 2 floors!
  4387 | D:8      | HP: 2/61 [orc warrior/halberd of protection (13)]
  4388 | D:8      | Fell from the grace of Xom
  4388 | D:8      | Became a worshipper of Beogh the Brigand
  4470 | D:8      | Reached skill level 8 in Axes
  4476 | D:8      | Reached XP level 8. HP: 7/68 MP: 8/8
  4477 | D:8      | Slain by a killer bee

Skill      XL: |  1  2  3  4  5  6  7 |
---------------+----------------------+-----
Dodging        | 1 |  1.7
Fighting       | 4 5 |  5.2
Maces & Flails | 5 |  5.6
Axes           | 2 6 8 |  8.2
Armour         | 3 |  3.0

Action                   |  1- 3 |  4- 6 |  7- 9 || total
-------------------------+-------+-------+-------++-------
Melee: Mace              |   144 |   169 |       ||   313
       Kick              |     3 |    42 |    16 ||    61
       War axe           |       |    25 |    56 ||    81
       Headbutt          |       |     5 |    12 ||    17
       Unarmed           |       |       |     7 ||     7
Invok: Convert to Beogh  |       |       |     1 ||     1
  Use: Scroll            |     1 |     4 |       ||     5
       Potion            |     1 |       |     1 ||     2
 Stab: Paralysed         |       |     1 |       ||     1
       Sleeping          |       |       |     2 ||     2
  Eat: Chunk             |     2 |     4 |     2 ||     8
       Royal jelly       |       |     1 |       ||     1
       Fruit             |       |     1 |       ||     1
       Beef jerky        |       |       |     1 ||     1
Armor: Leather armour    |    61 |    97 |     5 ||   163
       Ring mail         |       |       |    14 ||    14
       Skin              |       |       |     8 ||     8
Dodge: Dodged            |   113 |   144 |    48 ||   305
